 Dungeon Crawl Stone Soup version 0.31-a0-702-gf82c85558f (webtiles) character file.

Game seed: 2782544672363690107

1151 qw the Skirmisher (level 8, -10/50 HPs)
             Began as a Gargoyle Hunter on Sept 7, 2023.
             Was an Initiate of Okawaru.
             Mangled by a two-headed ogre
             ... wielding a +0 giant spiked club
              (11 damage)
             ... on level 5 of the Dungeon.
             The game lasted 00:01:35 (3482 turns).

qw the Skirmisher (Gargoyle Hunter)                 Turns: 3482, Time: 00:01:35

Health: -10/50     AC: 15    Str: 15    XL:     8   Next: 38%
Magic:  7/8        EV: 15    Int: 10    God:    Okawaru [......]
Gold:   265        SH:  0    Dex: 15    Spells: 7/7 levels left

rFire   . . .        Y - +0 orcbow
rCold   . . .        (shield currently unavailable)
rNeg    + . .        c - +0 leather armour
rPois   inf          (helmet restricted)
rElec   +            (no cloak)
rCorr   .            (no gloves)
SInv    .            h - +1 pair of boots
Will    .....        d - amulet of the acrobat
Stlth   +++          f - +4 ring of protection
HPRegen 0.28/turn    (no ring)
MPRegen 0.11/turn

%: acrobat
@: about to teleport, heroic
A: sickness immunity, AC +5, negative energy resistance 1, electricity
resistance, torment resistance 1, petrification resistance, horns 1
a: Renounce Religion


You were on level 5 of the Dungeon.
You worshipped Okawaru.
Okawaru was noncommittal.
You visited 2 branches of the dungeon, and saw 6 of its levels.

You collected 265 gold pieces.


Innate Abilities, Weirdness & Mutations

You are immune to sickness and miasma.
Your stone body is resilient. (AC +5)
You are immune to poison.
You resist negative energy. (rN+)
You are resistant to electric shocks. (rElec)
You are resistant to unholy torment.
You are immune to petrification.
You have a pair of small horns on your head.


   Skills:
 + Level 5.4(10.4) Fighting
 - Level 9.0(14.0) Ranged Weapons
 - Level 1.0(6.0) Armour
 - Level 2.4(7.4) Dodging
 - Level 1.1(6.1) Stealth
 - Level 1.2 Invocations


You had 7 spell levels left.
You didn't know any spells.
Your spell library was empty.

Inventory:

Hand Weapons
 Y - a +0 orcbow (weapon)
Armour
 c - a +0 leather armour (worn)
 h - a +1 pair of boots (worn)
Jewellery
 d - an amulet of the acrobat (around neck)
 f - a +4 ring of protection (left hand)
Scrolls
 a - a scroll of identify
 k - a scroll of teleportation
Potions
 b - a potion of curing
 e - 2 potions of enlightenment
 g - a potion of heal wounds {unknown}
 i - 2 potions of mutation

Dungeon Overview and Level Annotations

Branches:
Dungeon (5/15)             Temple (1/1) D:4

Altars:
Ashenzari
Cheibriados
Dithmenos
Elyvilon
Fedhas
Gozag
Hepliaklqana
Kikubaaqudgha
Makhleb
Nemelex Xobeh
Okawaru
Qazlal
Ru
Sif Muna
Trog
Uskayaw
Vehumet
Wu Jian
Xom
Yredelemnul
The Shining One


Message History

The two-headed ogre shouts in stereo!
The orc shouts!
You shoot an arrow. The arrow hits the two-headed ogre.
The two-headed ogre is lightly wounded.
You shoot an arrow.
The arrow hits the two-headed ogre but does no damage.
The two-headed ogre is lightly wounded.
You shoot an arrow. The arrow hits the two-headed ogre.
The two-headed ogre is lightly wounded.
You shoot an arrow.
The arrow barely misses the two-headed ogre.
You shoot an arrow. The arrow hits the two-headed ogre!
The two-headed ogre is moderately wounded.
The two-headed ogre closely misses you.
The two-headed ogre hits you with a +0 giant club!!
You shoot an arrow. The arrow hits the two-headed ogre!
The two-headed ogre is heavily wounded.
You shoot an arrow. The arrow hits the two-headed ogre.
The two-headed ogre is severely wounded.
The two-headed ogre hits you with a +0 giant spiked club!
The two-headed ogre closely misses you.
You shoot an arrow. The arrow hits the two-headed ogre.
The two-headed ogre is severely wounded.
The orc closely misses you.
You shoot an arrow.
The arrow barely misses the two-headed ogre.
The orc barely misses you. The two-headed ogre closely misses you.
The two-headed ogre hits you with a +0 giant club!
You shoot an arrow.
The arrow barely misses the two-headed ogre.
The orc barely misses you.
You shoot an arrow. The arrow hits the two-headed ogre!
The two-headed ogre is almost dead.
The two-headed ogre hits you with a +0 giant spiked club!
The two-headed ogre barely misses you. The orc hits you but does no damage.
3482 ||| READING 2 scrolls of teleportation.
As you read the scroll of teleportation, it crumbles to dust.
You feel strangely unstable. The orc closely misses you.
The two-headed ogre closely misses you.
The two-headed ogre hits you with a +0 giant club!
You die...

....#####.....##
...## ###...#
### .###
##..###.# ##
##.##..##
##.....# #.#...#
##.#### #.##
##@# #Oo......
#........
...###### ...#
....# ....#
....##


You could see a two-headed ogre and an orc.

Vanquished Creatures
  Menkaure (D:4)
  A water moccasin (D:5)
  2 black bears (D:4)
  A centaur (D:4)
  3 phantoms
  A bullfrog (D:4)
  A scorpion (D:4)
  An orc priest (D:4)
  A sleepcap (D:4)
  An orc wizard (D:4)
  Robin (D:2)
  4 gnolls (D:4)
  10 adders
  2 worms
  3 dart slugs
  3 orcs (D:4)
  5 endoplasms
  2 giant cockroaches
  16 goblins
  9 hobgoblins
  2 jackals (D:2)
  6 kobolds
  4 quokkas
  12 ball pythons
  6 bats
  5 frilled lizards
  2 rats
105 creatures vanquished.

Notes
Turn   | Place    | Note
-------+----------+-------------------------------------------
     0 | D:1      | qw the Gargoyle Hunter began the quest for the Orb.
     0 | D:1      | Reached XP level 1. HP: 12/12 MP: 1/1
     0 | D:1      | 0 ||| qw: Version: 0.3-a-76-g4403597
     0 | D:1      | 0 ||| qw: Game counter: 744
     0 | D:1      | 0 ||| qw: Melee chars always use a shield: true
     0 | D:1      | 0 ||| qw: God list: Okawaru
     0 | D:1      | 0 ||| qw: Allow faded altars: false
     0 | D:1      | 0 ||| qw: Do Orc after clearing Dungeon:15 true
     0 | D:1      | 0 ||| qw: Do second Lair branch before Depths: true
     0 | D:1      | 0 ||| qw: Lair rune preference: random
     0 | D:1      | 0 ||| qw: Goals: Normal
     0 | D:1      | 0 ||| PLANNING D:1-11
   145 | D:1      | Reached XP level 2. HP: 12/17 MP: 2/2
   427 | D:1      | 427 ||| READING scroll labelled ENOIRA PENYUGH.
   428 | D:1      | 428 ||| READING scroll labelled FUPSUP VACSA.
   429 | D:1      | 429 ||| READING scroll labelled ITZIKU SEYHOPT.
   430 | D:1      | 430 ||| READING scroll labelled VADITZUJIT.
   435 | D:1      | 435 ||| READING scroll labelled TUHUDESH OSTRY.
   436 | D:1      | 436 ||| READING scroll labelled QAUSHU WUGHEZIN.
   437 | D:1      | 437 ||| DRINKING 2 pink potions.
   437 | D:1      | Gained mutation: You have a pair of small horns on your
                  | head. [potion of mutation]
   438 | D:1      | 438 ||| DROPPING scroll of butterflies.
   468 | D:2      | Reached XP level 3. HP: 21/21 MP: 3/3
   475 | D:2      | Reached skill level 5 in Ranged Weapons
   475 | D:2      | Noticed Robin
   482 | D:2      | Killed Robin
   503 | D:2      | Reached skill level 3 in Fighting
   609 | D:2      | Reached XP level 4. HP: 28/28 MP: 4/4
   746 | D:2      | Found a faded altar of an unknown god.
   901 | D:2      | Found a sparkling altar of Nemelex Xobeh.
  1333 | D:2      | 1333 ||| UPGRADING to +1 pair of boots.
  1338 | D:2      | 1338 ||| UPGRADING to +4 ring of protection.
  1339 | D:2      | 1339 ||| READING 3 scrolls labelled BORRAL BOUPNAGG.
  1340 | D:2      | 1340 ||| READING scroll labelled YHUEKK RUWNEUJ.
  1341 | D:2      | 1341 ||| DRINKING 2 ruby potions.
  1342 | D:2      | 1342 ||| READING 2 scrolls of identify.
  1342 | D:2      | 1342 ||| IDENTIFYING puce potion
  1394 | D:3      | Reached XP level 5. HP: 32/32 MP: 5/5
  1437 | D:3      | Noticed a phantom
  1446 | D:3      | Killed a phantom
  1447 | D:3      | Reached skill level 6 in Ranged Weapons
  1816 | D:3      | 1816 ||| READING scroll of brand weapon.
  1816 | D:3      | 1816 ||| BRANDING +1 shortbow of draining.
  1889 | D:3      | Reached skill level 1 in Armour
  1993 | D:3      | 1993 ||| UPGRADING to amulet of the acrobat.
  2071 | D:4      | Noticed a black bear
  2072 | D:4      | 2072 ||| Stepping ~*~*~tactically~*~*~ (retreating).
  2073 | D:4      | 2073 ||| Stepping ~*~*~tactically~*~*~ (retreating).
  2077 | D:4      | Reached XP level 6. HP: 38/38 MP: 6/6
  2089 | D:4      | Killed a black bear
  2090 | D:4      | Reached skill level 7 in Ranged Weapons
  2190 | D:4      | Noticed Menkaure
  2191 | D:4      | 2191 ||| RETREATING.
  2200 | D:4      | Found a staircase to the Ecumenical Temple.
  2201 | D:4      | 2201 ||| PLANNING TEMPLE
  2201 | D:4      | 2201 ||| Stepping ~*~*~tactically~*~*~ (retreating).
  2202 | D:4      | 2202 ||| Stepping ~*~*~tactically~*~*~ (retreating).
  2203 | D:4      | 2203 ||| Stepping ~*~*~tactically~*~*~ (retreating).
  2204 | D:4      | 2204 ||| FLEEEEING.
  2205 | D:4      | 2205 ||| FLEEEEING.
  2206 | D:4      | 2206 ||| FLEEEEING.
  2207 | D:4      | 2207 ||| FLEEEEING.
  2208 | D:4      | 2208 ||| FLEEEEING.
  2209 | D:4      | 2209 ||| FLEEEEING.
  2210 | D:4      | 2210 ||| FLEEEEING.
  2211 | D:4      | 2211 ||| FLEEEEING.
  2212 | D:4      | 2212 ||| FLEEEEING.
  2213 | D:4      | 2213 ||| FLEEEEING.
  2214 | D:4      | 2214 ||| FLEEEEING.
  2215 | D:4      | 2215 ||| FLEEEEING.
  2216 | D:4      | 2216 ||| STAIRDANCE
  2233 | D:3      | 2233 ||| READING scroll labelled ZAACWIFU NEBA.
  2234 | D:3      | 2234 ||| READING scroll labelled RISEMOYD HIYMUBU.
  2239 | D:4      | Reached XP level 7. HP: 43/43 MP: 7/7
  2242 | D:4      | 2242 ||| STAIRDANCE
  2253 | D:4      | Killed Menkaure
  2286 | Temple   | Entered the Ecumenical Temple
  2287 | Temple   | 2287 ||| PLANNING OKAWARU WORSHIP
  2306 | Temple   | Became a worshipper of Warmaster Okawaru
  2307 | Temple   | 2307 ||| PLANNING D:1-11
  2361 | D:4      | Reached skill level 8 in Ranged Weapons
  2418 | D:4      | HP: 8/44 [centaur/arrow (4)]
  2419 | D:4      | 2419 ||| READING scroll of teleportation.
  2429 | D:4      | HP: 5/44 [phantom (5)]
  2436 | D:4      | HP: 5/44 [adder (2)]
  2439 | D:4      | Reached * piety under Okawaru
  2440 | D:4      | Reached XP level 8. HP: 7/50 MP: 8/8
  2612 | D:4      | 2612 ||| Stepping ~*~*~tactically~*~*~ (outnumbered).
  2626 | D:4      | 2626 ||| INVOKING Heroism.
  2835 | D:4      | 2835 ||| SWAPPING to +0 orcbow.
  2836 | D:4      | 2836 ||| DROPPING +1 shortbow of freezing.
  2938 | D:4      | Reached skill level 1 in Invocations
  3278 | D:4      | 3278 ||| READING scroll labelled MEAPAO WONKEA.
  3297 | D:5      | Entered Level 5 of the Dungeon
  3313 | D:5      | 3313 ||| INVOKING Heroism.
  3321 | D:5      | Reached skill level 9 in Ranged Weapons
  3321 | D:5      | 3321 ||| STAIRDANCE
  3469 | D:5      | Noticed a two-headed ogre
  3470 | D:5      | 3470 ||| INVOKING Heroism.
  3481 | D:5      | HP: 1/50 [two-headed ogre/+0 giant spiked club (13)]
  3482 | D:5      | 3482 ||| READING 2 scrolls of teleportation.
  3482 | D:5      | Mangled by a two-headed ogre

Levels and vault maps discovered:
D:1:      giann_bridges, layout_rooms, hangedman_decor_lopped
D:2:      layout_basic, basic_altar, hellmonk_ecumenical_altar_prayer_group,
          st_stairs_5, glass_columns_c, kennysheep_generic_room_7, uniq_robin
D:3:      layout_loops_cross
D:4:      layout_basic, minmay_temple_entry_mist, uniq_menkaure
D:5:      layout_cave_pods, serial_shops, shop, uniq_eustachio
Temple:   regret_index_temple_sigil_plot

Skill      XL: |  1  2  3  4  5  6  7  8 |
---------------+-------------------------+-----
Ranged Weapons | 5 6 7 8 9 |  9.0
Fighting       | 3 4 5 |  5.4
Armour         | 1 |  1.0
Dodging        | 2 |  2.4
Invocations    | 1 |  1.2
Stealth        | |  1.1

Action                     |  1- 3 |  4- 6 |  7- 9 || total
---------------------------+-------+-------+-------++-------
   Fire: Shortbow          |    68 |   158 |    96 ||   322
         Orcbow            |       |       |    54 ||    54
 Invoke: Heroism           |       |       |     3 ||     3
    Use: Scroll            |     6 |     6 |     3 ||    15
         Potion            |     1 |     1 |       ||     2
 Armour: Leather armour    |    14 |    60 |    70 ||   144
  Dodge: Dodged            |     7 |    50 |    56 ||   113

Table legend:
 A = Non-vault XP
 B = Vault XP
 C = Vault XP percentage of total XP
 D = Non-vault monster count
 E = Vault monster count
 F = Vault count percentage of total count
                 A         B        C        D         E       F
            +---------+---------+-------+---------+---------+-------
      Total |    1428 |     217 |  13.2 |      86 |      19 |  18.1
            +---------+---------+-------+---------+---------+-------
        D:1 |      20 |       0 |   0.0 |      11 |       0 |   0.0
        D:2 |      76 |      48 |  38.7 |      19 |      18 |  48.6
        D:3 |     169 |       0 |   0.0 |      24 |       0 |   0.0
        D:4 |    1016 |     169 |  14.3 |      31 |       1 |   3.1
        D:5 |     147 |       0 |   0.0 |       1 |       0 |   0.0
            +---------+---------+-------+---------+---------+-------
